 Dungeon Crawl Stone Soup version 0.31-a0-848-gaac375c287 (webtiles) character file.

Game seed: 3298104902733990097

189 Joey1 the Chopper (level 5, 0/47 HPs)
             Began as a Minotaur Berserker on Oct 5, 2023.
             Was a Believer of Trog.
             Killed by nerve-wracking pain
             ... invoked by Grinder
              (13 damage)
             ... on level 3 of the Dungeon.
             The game lasted 00:03:58 (2301 turns).

Joey1 the Chopper (Minotaur Berserker)              Turns: 2301, Time: 00:03:58

Health: 0/47       AC:  2    Str: 24    XL:     5   Next: 40%
Magic:  4/4        EV: 12    Int:  4    God:    Trog [**....]
Gold:   141        SH:  0    Dex:  9    Spells: 4/4 levels left

rFire   . . .        a - +0 hand axe
rCold   . . .        (no shield)
rNeg    . . .        b - +0 animal skin
rPois   .            (helmet restricted)
rElec   .            (no cloak)
rCorr   +            (no gloves)
SInv    .            (no boots)
Will    ++...        (no amulet)
Stlth   +            m - ring of resist corrosion
HPRegen 1.27/turn    (no ring)
MPRegen 0.09/turn

%: no passive effects
@: strong-willed (expiring), regenerating (expiring)
A: horns 2, retaliatory headbutt
a: Renounce Religion, Berserk, Trog's Hand


You were on level 3 of the Dungeon.
You worshipped Trog.
Trog was pleased with you.
You visited 1 branch of the dungeon, and saw 3 of its levels.

You collected 141 gold pieces.

Inventory:

Hand Weapons
 a - a +0 hand axe (weapon)
 j - a +0 war axe
Missiles
 l - 2 boomerangs
Armour
 b - a +0 animal skin (worn)
Jewellery
 m - a ring of resist corrosion (left hand)
 q - a ring of fire
Wands
 o - a wand of digging (5)
Scrolls
 d - 3 scrolls of fear {unknown}
 e - a scroll of enchant armour {unknown}
 f - 4 scrolls of identify {unknown}
 g - 2 scrolls of teleportation {unknown}
 h - a scroll of vulnerability {unknown}
Potions
 c - 3 potions of heal wounds {unknown}
 i - a potion of degeneration {unknown}
 k - a potion of brilliance {unknown}
 n - a potion of mutation {unknown}
 p - a potion of invisibility {unknown}


   Skills:
 + Level 4.8 Fighting
 * Level 5.9 Axes
 + Level 3.9 Armour
 - Level 2.1 Dodging


You had 4 spell levels left.
You didn't know any spells.
Your spell library was empty.

Dungeon Overview and Level Annotations

Branches:
Dungeon (3/15)

Altars:
Dithmenos

Annotations:
D:3 Grinder


Innate Abilities, Weirdness & Mutations

You have a pair of horns on your head.
You reflexively headbutt those who attack you in melee.


Message History

You hit Grinder.
Grinder is lightly wounded.
Grinder closely misses you.
You barely miss Grinder.
Grinder is lightly wounded.
You barely miss the orc. Grinder gestures at you.
Pain shoots through your body! The orc hits you with a +0 mace.
You hit Grinder. Your headbutt misses Grinder.
Grinder is lightly wounded.
You barely miss the orc. You hit the kobold. Grinder hits you.
You writhe in agony.
The orc misses you. The kobold barely misses you. You furiously retaliate!
You headbutt the kobold!
You kill the kobold!
Trog accepts your kill.
You barely miss Grinder. You headbutt Grinder, but do no damage.
Grinder is lightly wounded.
You hit the orc. Grinder hits you! The orc misses you.
You hit Grinder.
Grinder is lightly wounded.
Grinder hits you!
You hit Grinder. You headbutt Grinder!
Grinder is moderately wounded.
Grinder barely misses you.
You barely miss Grinder. You headbutt Grinder!
Grinder is heavily wounded.
You feel the effects of Trog's Hand fading.
Grinder barely misses you.
You closely miss Grinder.
Grinder is heavily wounded.
Grinder hits you.
* * * LOW HITPOINT WARNING * * *
You writhe in agony.
* * * LOW HITPOINT WARNING * * *
You completely miss Grinder. You headbutt Grinder!
Grinder is severely wounded.
Grinder gestures at you. Pain shoots through your body!
You die...
Grinder says, "Now the real fun starts!"

#####............#
###########..#
#####..#
#......###
#)###....##
#.##..#...#
#.......#.#
#.##.......#.#
.....≈≈@≈≈...#
#....J≈5≈....#
##..≈.)o..≈..#
##.≈≈...≈≈.##
......._....#
###.≈≈?..≈≈.#
#.≈.....≈.#
#...≈.≈...#
#..≈≈.≈≈..#


You could see Grinder, an orc and an endoplasm.

Vanquished Creatures
  An orc priest (D:3)
  Terence (D:3)
  An orc wizard (D:3)
  3 adders
  3 worms (D:2)
  2 dart slugs
  7 orcs (D:3)
  5 endoplasms
  3 giant cockroaches
  4 goblins
  5 hobgoblins
  3 jackals (D:1)
  2 quokkas (D:1)
  3 ball pythons
  5 bats
  5 frilled lizards
  4 kobolds
  5 rats
62 creatures vanquished.

Vanquished Creatures (others)
  A dart slug (D:1)
1 creature vanquished.

Grand Total: 63 creatures vanquished

Notes
Turn   | Place    | Note
-------+----------+-------------------------------------------
     0 | D:1      | Joey1 the Minotaur Berserker began the quest for the Orb.
     0 | D:1      | Reached XP level 1. HP: 19/19 MP: 0/0
    70 | D:1      | Reached skill level 4 in Axes
    89 | D:1      | Reached XP level 2. HP: 27/27 MP: 1/1
   731 | D:1      | Reached XP level 3. HP: 33/33 MP: 2/2
   817 | D:1      | Reached ** piety under Trog
  1418 | D:2      | Reached skill level 5 in Axes
  1463 | D:2      | Reached XP level 4. HP: 30/40 MP: 3/3
  2040 | D:3      | Noticed Terence
  2046 | D:3      | Killed Terence
  2058 | D:3      | Reached XP level 5. HP: 26/47 MP: 4/4
  2285 | D:3      | Found a shadowy altar of Dithmenos.
  2287 | D:3      | Noticed Grinder
  2301 | D:3      | Killed from afar by Grinder

Illustrated notes

Levels and vault maps discovered:
D:1:      reono_arrival_forest_river, layout_basic
D:2:      layout_loops_ring, roderic_lattice_a, dreamdust_princess_corridor
D:3:      layout_basic, mainiacjoe_overflow_small_starburst, uniq_grinder,
          uniq_terence

Skill      XL: |  1  2  3 |
---------------+----------+-----
Axes           | 4 5 |  5.9
Fighting       | 4 |  4.8
Armour         | 3 |  3.9
Dodging        | |  2.1

Action                     |  1- 3 |  4- 6 || total
---------------------------+-------+-------++-------
  Melee: Hand axe          |    88 |    49 ||   137
         Headbutt          |    14 |    11 ||    25
 Invoke: Berserk           |     1 |     1 ||     2
         Trog's Hand       |       |     2 ||     2
 Armour: Animal skin       |    50 |    24 ||    74
  Dodge: Dodged            |    54 |    31 ||    85

Table legend: (Time is in decaauts)
 A = Elapsed time spent in this place.
 B = Non-inter-level travel time spent in this place.
 C = Inter-level travel time spent in this place.
 D = Time resting spent in this place.
 E = Time spent auto-exploring this place.
 F = Levels seen in this place.
 G = Mean time per level.
                   A        B        C        D        E       F      G
               +--------+--------+--------+--------+--------+-----+--------+
         Total |   2335 |   2289 |     46 |     71 |   1837 |   3 |  778.3 |
       Dungeon |   2335 |   2289 |     46 |     71 |   1837 |   3 |  778.3 |
               +--------+--------+--------+--------+--------+-----+--------+

Top non-repeatable levels by time:
     D:2: 940 daAuts
     D:1: 898 daAuts
     D:3: 495 daAuts
